 Dungeon Crawl Stone Soup version bcrawl-1.23.1 (webtiles) character file.

Game seed: 5948819524435495837

139 diana the Slasher (level 5, 42/42 HPs)
             Began as a Demonspawn Gladiator on May 26, 2020.
             Quit the game on level 3 of the Dungeon.
             The game lasted 00:03:06 (3130 turns).

diana the Slasher (Demonspawn Gladiator)            Turns: 3130, Time: 00:03:06

Health: 42/42      AC:  5    Str: 15    XL:     5   Next: 1%
Magic:  5/5        EV: 13    Int: 10    God:
Gold:   137        SH:  1    Dex: 14    Spells: 4/4 levels left

rFire    . . .     SeeInvis .   a - +0 long sword
rCold    . . .     Gourm    .   (no shield)
rNeg     . . .     Faith    .   p - +0 ring mail
rPois    .         Spirit   .   (helmet restricted)
rElec    .         Reflect  .   (no cloak)
rCorr    .         Harm     .   (no gloves)
MR       .....                  (no boots)
Stlth    +.........             m - amulet of the acrobat
HPRegen  0.14/turn              i - ring of flight
MPRegen  0.09/turn              (no ring)

@: no status effects
A: antennae 1, repulsion field 1
a: Evoke Flight


You were on level 3 of the Dungeon.
You were not hungry.

You visited 1 branch of the dungeon, and saw 3 of its levels.

You collected 137 gold pieces.

Inventory:

Hand Weapons
 a - a +0 long sword (weapon)
Missiles
 d - 2 throwing nets (quivered) {!f}
Armour
 b - a +0 leather armour
 c - a +0 helmet
 p - a +0 ring mail (worn)
Jewellery
 i - a ring of flight (left hand)
 m - an amulet of the acrobat (around neck)
Scrolls
 f - 2 scrolls of enchant armour {unknown}
 l - 6 scrolls of teleportation {unknown}
 o - a scroll of identify {unknown}
 q - a scroll of blinking {unknown}
 t - a scroll of magic mapping {unknown}
 v - a scroll of remove curse {unknown}
 w - a scroll of enchant weapon {unknown}
 x - a scroll of fog {unknown}
Potions
 g - a potion of agility {unknown}
 h - a potion of lignification {unknown}
 j - a potion of resistance {unknown}
 k - 2 potions of haste {unknown}
 n - 3 potions of curing {unknown}
 r - 2 potions of brilliance {unknown}
 s - a potion of mutation {unknown}
 u - a potion of heal wounds {unknown}
Comestibles
 e - 7 rations {!d}


   Skills:
 + Level 3.9 Fighting
 + Level 4.1 Long Blades
 - Level 1.7 Throwing
 - Level 2.6 Dodging


You had 4 spell levels left.
You didn't know any spells.
Your spell library was empty.

Dungeon Overview and Level Annotations

Branches:
Dungeon (3/12)

Altars:
Makhleb
Vehumet

Annotations:
D:3 Grinder


Innate Abilities, Weirdness & Mutations

You have a pair of small antennae on your head.
You are surrounded by a mild repulsion field. (EV +2)


Message History

t - a scroll labeled XOPSEPSURU As you open the door, it creaks loudly!
There is an open door here.
Found a stone staircase leading down.
w - a scroll labeled APNIPNU WUZU
Found a glowing medium shield.
x - a scroll labeled POMIZX DARIWU An adder comes into view.
The adder hisses angrily.
An adder is nearby!
You slash the adder!
The adder is severely wounded.
The adder misses you. The adder closely misses you.
You slash the adder!
You kill the adder!
You have reached level 5!
Your demonic ancestry asserts itself...
A pair of antennae grows on your head!
Your +0 helmet falls away!
Are you sure you want to abandon this character and quit the game? (Confirm with "yes".)

#.....##########...
#.....# #####...
#.....+ .........
#.....# #########
##.#### #
######.################
#.....................'
#......####......######
#.....@# . # #......# #
#......# # #...[..# #
#....... # #....... #
#####... # #....


There were no monsters in sight!

Vanquished Creatures
  An orc wizard (D:3)
  An iguana (D:2)
  A gnoll (D:2)
  An adder (D:3)
  An ooze (D:3)
  3 worms (D:2)
  4 dart slugs
  A leopard gecko (D:1)
  An orc (D:3)
  A ball python (D:2)
  2 giant cockroaches (D:1)
  5 goblins
  5 hobgoblins (D:2)
  A quokka (D:2)
  4 bats
  5 frilled lizards
  5 kobolds
  2 rats (D:1)
44 creatures vanquished.

Notes
Turn   | Place    | Note
-------+----------+-------------------------------------------
     0 | D:1      | diana the Demonspawn Gladiator began the quest for the Orb.
     0 | D:1      | Reached XP level 1. HP: 16/16 MP: 1/1
   199 | D:1      | Reached skill level 3 in Long Blades
   199 | D:1      | Gained mutation: You are surrounded by a mild repulsion
                  | field. (EV +2) [demonic ancestry]
   199 | D:1      | Reached XP level 2. HP: 21/23 MP: 2/2
   868 | D:2      | Reached XP level 3. HP: 27/28 MP: 3/3
   913 | D:2      | Found a radiant altar of Vehumet.
   914 | D:2      | Found a burning altar of Makhleb.
  2192 | D:3      | Noticed Grinder
  2437 | D:2      | Reached XP level 4. HP: 3/35 MP: 4/4
  2794 | D:3      | Reached skill level 4 in Long Blades
  3129 | D:3      | Gained mutation: You have a pair of small antennae on your
                  | head. [demonic ancestry]
  3129 | D:3      | Reached XP level 5. HP: 42/42 MP: 5/5
  3130 | D:3      | Quit the game

Skill      XL: |  1  2  3  4 |
---------------+-------------+-----
Long Blades    | 3 4 |  4.1
Fighting       | 3 |  3.9
Throwing       | |  1.7
Dodging        | |  2.6

Action                   |  1- 3 |  4- 6 || total
-------------------------+-------+-------++-------
Melee: Long sword        |   140 |    21 ||   161
Throw: Throwing net      |     1 |       ||     1
 Stab: Held in net/web   |     2 |       ||     2
  Eat: Chunk             |     3 |     4 ||     7
Armor: Leather armour    |    24 |       ||    24
       Ring mail         |     1 |     3 ||     4
Dodge: Dodged            |   110 |    22 ||   132
